 Dungeon Crawl Stone Soup version 0.30-a0-121-gb27577e5d9 (webtiles) character file.

Game seed: 12567865834789081820

49 ytrimaz the Ducker (level 3, -3/23 HPs)
             Began as an Octopode Transmuter on Sept 14, 2022.
             Killed from afar by Natasha (9 damage)
             ... with a magic dart
             ... on level 2 of the Dungeon.
             The game lasted 00:01:32 (1427 turns).

ytrimaz the Ducker (Octopode Transmuter)            Turns: 1427, Time: 00:01:32

Health: -3/23      AC:  1    Str:  9    XL:     3   Next: 75%
Magic:  4/6        EV: 13    Int: 17    God:
Gold:   38         SH:  0    Dex: 12    Spells: 1/7 levels left

rFire   . . .      SeeInvis .      - Unarmed
rCold   . . .      Faith    .    (no shield)
rNeg    . . .      Spirit   .    (helmet restricted)
rPois   .          Reflect  .    (no amulet)
rElec   .          Harm     .    (no ring)
rCorr   .          Rampage  .    (no ring)
Will    .....                    (no ring)
Stlth   ++........               (no ring)
HPRegen 0.07/turn                (no ring)
MPRegen 0.10/turn                (no ring)
                                 (no ring)
                                 (no ring)

@: slowed, very slow
A: almost no armour, amphibious, 8 rings, camouflage 1, gelatinous body 1,
(nimble swimmer 1), tentacles
a: no special abilities


You were on level 2 of the Dungeon.
You visited 1 branch of the dungeon, and saw 2 of its levels.

You collected 38 gold pieces.


Innate Abilities, Weirdness & Mutations

You cannot wear most types of armour.
You are amphibious.
You can wear up to eight rings at the same time.
Your skin changes colour to match your surroundings (Stealth+).
Your rubbery body absorbs attacks. (AC +1, EV +1)
((You are camouflaged when in or above water. (Stealth+)))
You have tentacles for arms and can constrict up to eight enemies at once.


   Skills:
 - Level 1.0 Fighting
 * Level 3.1 Dodging
 - Level 3.0 Unarmed Combat
 + Level 2.5 Spellcasting
 + Level 2.5 Transmutations


You had one spell level left.
You knew the following spells:

 Your Spells              Type           Power      Damage    Failure   Level
a - Beastly Appendage     Tmut           20%        N/A       6%          1
b - Wereblood             Tmut           10%        N/A       10%         2
c - Spider Form           Tmut/Pois      6%         N/A       32%         3

Your spell library contained the following spells:

 Spells                   Type           Power      Damage    Failure   Level
 Static Discharge         Conj/Air       4%         3-4/arc   28%         2
 Summon Guardian Golem    Hex/Summ       2%         N/A       50%         3
 Ice Form                 Ice/Tmut       6%         N/A       73%         4
 Dispel Undead            Necr           2%         3d7       88%         4
 Sticky Flame             Conj/Fire      2%         2d3       88%         4
 Orb of Destruction       Conj           1%         9d5       100%        7
 Spellforged Servitor     Conj/Summ      1%         N/A       100%        7

Inventory:

Scrolls
 b - a scroll of teleportation
 e - a scroll of amnesia
 g - a scroll of identify
Potions
 a - a potion of lignification
 c - a potion of curing
 d - a potion of attraction {unknown}
 f - a potion of degeneration {unknown}

Dungeon Overview and Level Annotations

Branches:
Dungeon (2/15) Zot: 10568

Altars:

Annotations:
D:2 Natasha

#...####.# ######...##...#
.............##
..........#### ..........#
###### ..........#
#####....#### ..........#
###............
##.####...####...#........>.
#.. ##.#..@................
.. #..#...h...............
#............[.........
.........>..............<
##.......................
...###..........###.#####
... ##########.#..... ..
#.#....... #.#.......


You could see Natasha (fast, very poisoned).


Message History

The iron imp laughs crazily.
You tentacle-slap Natasha but do no damage.
You squeeze Natasha.
You constrict Natasha, but do no damage.
Natasha claws you.
The iron imp barely misses you. 😕 HP[-2]
You take 2 damage, and now have 21/23 hp.
Unknown command.
You tentacle-slap Natasha but do no damage.
You constrict Natasha.
Natasha stares at you and mumbles some strange words.
The magic dart hits you! The iron imp barely misses you.
Natasha wildly gestures.
Natasha shimmers violently.
Natasha closely misses you. 😮 HP[-7]
You take 7 damage, and now have 14/23 hp.
MASSIVE DAMAGE!! (PAUSE)
You tentacle-slap Natasha but do no damage.
You squeeze Natasha. You constrict Natasha.
You kill Natasha!
Natasha screams in fury as she dies!
The iron imp disappears in a puff of smoke!
Your Dodging skill increases to level 3!
You pick up a book of Touch and begin reading...
You add the spells Static Discharge, Sticky Flame and Dispel Undead to your library. 😮 MP[+1] Unknown command.
You feel yourself speed up.
Key pressed, stopping explore.
Unknown command. 😕 HP[+4] MP[+1]
You regained 4 hp, and now have 18/23 hp.
Your mp is fully restored (6).
There is a stone staircase leading down here.
Key pressed, stopping explore.
A frilled lizard comes into view. 😎 HP[+5]
Your hp is fully restored (23).
Unknown command.
A frilled lizard is nearby!
A frilled lizard is nearby!
A frilled lizard is nearby!
A frilled lizard is nearby!
One of your tentacles grows a vicious spike.
The frilled lizard misses you. 😎 MP[-1]
You lost 1 mp, and now have 5/6 mp.
You miss the frilled lizard. You grab the frilled lizard.
Your tentacle spike misses the frilled lizard.
You constrict the frilled lizard.
You kill the frilled lizard!
No target in view!
Unknown command.
Your transformation is almost over.
g - a scroll of identify 😎 MP[+1]
Your mp is fully restored (6).
Your tentacle spike disappears.
Natasha, Servant of Life and Death comes into view.
There are no items here.
There are no items here.
Casting: Beastly Appendage (safe; 6% risk of failure)
Confirm with . or Enter, or press ? or * to list all spells.
The spell is extremely dangerous to miscast (32% risk of failure)!
Continue anyway?
You turn into a venomous arachnid creature. 😎 MP[-3]
You lost 3 mp, and now have 3/6 mp.
Your transformation is almost over.
Natasha hisses angrily.
Natasha drinks a potion.
Natasha seems to speed up.
You hit Natasha. Natasha barely misses you. Natasha casts a spell at you.
The magic dart hits you. 😮 HP[-6] MP[+1]
You take 6 damage, and now have 17/23 hp.
MASSIVE DAMAGE!! (PAUSE)
You hit Natasha.
Natasha is poisoned.
Natasha casts a spell at you.
You feel yourself slow down.
You hit Natasha.
Natasha looks even sicker.
Natasha claws you. Natasha barely misses you. 😮 HP[-2]
You take 2 damage, and now have 15/23 hp.
Unknown command.
You barely miss Natasha. Natasha claws you!
* * * LOW HITPOINT WARNING * * *
Natasha mewls in sadness.
Natasha misses you. 😨 HP[-9]
You take 9 damage, and now have 6/23 hp.
MASSIVE DAMAGE!! (PAUSE) Unknown command.
You hit Natasha.
Your transformation has ended.
Natasha barely misses you. Natasha casts a spell at you.
The magic dart hits you!
You die...

Skill      XL: |  1  2  3 |
---------------+----------+-----
Dodging        | 3 |  3.1
Fighting       | |  1.0
Unarmed Combat | |  3.0
Spellcasting   | |  2.5
Transmutations | |  2.5

Action                   || total
-------------------------++-------
Melee: Unarmed           ||    61
       Constrict         ||    14
       Tentacles         ||    11
       Kick              ||     1
 Cast: Beastly Appendage ||     4
       Spider Form       ||     2
  Use: Scroll            ||     4
 Stab: Sleeping          ||     2
Armor: Skin              ||     8
Dodge: Dodged            ||    37

Levels and vault maps discovered:
D:1:      wheals_arrival_linesprint, layout_loops_ring,
          dreamdust_ecumenical_altar_sealed_demon
D:2:      layout_rooms, uniq_natasha

Notes
Turn   | Place    | Note
-------+----------+-------------------------------------------
     0 | D:1      | ytrimaz the Octopode Transmuter began the quest for the
                  | Orb.
     0 | D:1      | Reached XP level 1. HP: 13/13 MP: 3/3
     0 | D:1      | magus.rc [v1.9.6]
   171 | D:1      | Reached XP level 2. HP: 17/18 MP: 5/5
   425 | D:1      | You pick up a book of Dangerous Friends and begin
                  | reading...
   425 | D:1      | You add the spells Summon Guardian Golem, Orb of
                  | Destruction and Spellforged Servitor to your library.
   506 | D:1      | Found a faded altar of an unknown god.
   703 | D:1      | Learned a level 2 spell: Wereblood
  1195 | D:2      | Noticed Natasha
  1198 | D:2      | Reached XP level 3. HP: 23/23 MP: 4/6
  1204 | D:2      | Learned a level 3 spell: Spider Form
  1256 | D:2      | Killed Natasha
  1257 | D:2      | Reached skill level 3 in Dodging
  1258 | D:2      | You pick up a book of Touch and begin reading...
  1258 | D:2      | You add the spells Static Discharge, Sticky Flame and
                  | Dispel Undead to your library.
  1409 | D:2      | Noticed Natasha
  1427 | D:2      | Killed from afar by Natasha

Vanquished Creatures
  Natasha (D:2)
  3 bats (D:1)
  3 endoplasms
  A giant cockroach (D:1)
  3 goblins (D:1)
  A hobgoblin (D:1)
  A kobold (D:1)
  2 quokkas (D:1)
  3 ball pythons (D:1)
  2 frilled lizards
  2 rats (D:1)
22 creatures vanquished.

Table legend:
 A = Non-vault XP
 B = Vault XP
 C = Vault XP percentage of total XP
 D = Non-vault monster count
 E = Vault monster count
 F = Vault count percentage of total count
                 A         B        C        D         E       F
            +---------+---------+-------+---------+---------+-------
      Total |      35 |      35 |  50.0 |      21 |       1 |   4.5
            +---------+---------+-------+---------+---------+-------
        D:1 |      32 |       0 |   0.0 |      19 |       0 |   0.0
        D:2 |       3 |      35 |  92.1 |       2 |       1 |  33.3
            +---------+---------+-------+---------+---------+-------

Illustrated notes

Table legend:
 A = Kills in this place as a percentage of kills in entire the game.
 B = Kills by you in this place as a percentage of kills by you in the entire game.
 C = Kills by friends in this place as a percentage of kills by friends in the entire game.
 D = Other kills in this place as a percentage of other kills in the entire game.
 E = Experience gained in this place as a percentage of experience gained in the entire game.
 F = Experience gained in this place divided by the number of levels of this place that you have seen.
                   A       B       C       D       E      F
               +-------+-------+-------+-------+-------+----------------------
         Total | 100.0 | 100.0 |   N/A |   N/A | 100.0 |  35.0
       Dungeon | 100.0 | 100.0 |   N/A |   N/A | 100.0 |  35.0
               +-------+-------+-------+-------+-------+----------------------

Table legend: (Time is in decaauts)
 A = Elapsed time spent in this place.
 B = Non-inter-level travel time spent in this place.
 C = Inter-level travel time spent in this place.
 D = Time resting spent in this place.
 E = Time spent auto-exploring this place.
 F = Levels seen in this place.
 G = Mean time per level.
                   A        B        C        D        E       F      G
               +--------+--------+--------+--------+--------+-----+--------+
         Total |   1430 |   1371 |     59 |     37 |   1106 |   2 |  715.0 |
       Dungeon |   1430 |   1371 |     59 |     37 |   1106 |   2 |  715.0 |
               +--------+--------+--------+--------+--------+-----+--------+

Top non-repeatable levels by time:
     D:1: 1181 daAuts
     D:2: 248 daAuts
